AoeStats
← Osan

Nomad

509147013Analyzed
2v2 RM · 8d ago on Sep 25, 2026· 30m 21s· 4 players
Game mode
Random Map
Map size
176×176
Population
200
Speed
Normal
Resources
Standard
Victory
Conquest
Starting age
Dark Age
Ending age
Imperial Age
RankedLock teamsTeams togetherTeam positionsShared explorationLock speedFull tech treeHidden civsTurbo modeCheats
Victory
Defeat
1202
+12
🇷🇺 Persians · Russia
1199
+12
🇵🇪 Vikings · Peru
1131
-12
🇮🇳 Spanish · India
1102
-12
Bickus Diggus
6:53 Loom
15:10 Feudal Age
16:35 Stone Mining
16:35 Double-Bit Axe
18:25 Bloodlines
19:57 Wheelbarrow
22:39 Horse Collar
26:37 Castle Age
24:51 Fishing Lines
25:30 Padded Archer Armor
27:49 Leather Archer Armor
27:25 Town Watch
27:56 Hand Cart
28:20 Heavy Plow
28:45 Bow Saw
Havoc_
8:54 Loom
13:57 Feudal Age
14:27 Double-Bit Axe
15:57 Fletching
17:34 Horse Collar
20:21 Castle Age
18:51 Scale Barding Armor
19:36 Forging
29:23 Iron Casting
Osan
8:54 Loom
13:02 Feudal Age
14:12 Double-Bit Axe
20:54 Castle Age
19:39 Fishing Lines
24:17 Horse Collar
26:49 Bloodlines
26:41 Husbandry
27:10 Town Watch
27:40 Forging
сашка фермер
4:44 Loom
8:09 Double-Bit Axe
11:33 Wheelbarrow
14:47 Feudal Age
13:39 Gold Mining
13:50 Horse Collar
16:05 Bow Saw
20:25 Castle Age
19:15 Heavy Plow
20:13 Stone Mining
20:39 Forging
20:39 Cavalier
22:55 Iron Casting
23:50 Husbandry
24:18 Scale Barding Armor
25:39 Hand Cart
26:43 Gold Shaft Mining
27:23 Chain Barding Armor
28:02 Crop Rotation
28:40 Town Watch
Connection lost

Rejoining the realm…

Still unreachable

The connection could not be restored.

Session expired

The server has moved on; the page needs a fresh start.